 Dungeon Crawl Stone Soup version 0.29-a0-330-g52719c12eb (webtiles) character file.

Game seed: 2077013427792951188

1469 kae the Magician (level 8, -5/46 HPs)
             Began as a Deep Elf Fire Elementalist on May 1, 2022.
             Shot with a sling bullet by a gnoll (6 damage)
             ... on level 4 of the Dungeon.
             The game lasted 00:04:04 (7410 turns).

kae the Magician (Deep Elf Fire Elementalist)       Turns: 7410, Time: 00:04:04

Health: -5/46      AC:  4    Str:  5    XL:     8   Next: 49%
Magic:  18/19      EV: 14    Int: 23    God:
Gold:   177        SH:  0    Dex: 15    Spells: 5/20 levels left

rFire   . . .      SeeInvis +   s - +1 spear (flame)
rCold   + . .      Faith    .   (no shield)
rNeg    . . .      Spirit   .   a - +0 robe
rPois   .          Reflect  .   (no helmet)
rElec   .          Harm     .   (no cloak)
rCorr   .          Rampage  .   (no gloves)
Will    .....                   r - +1 pair of boots of Hokk {rC+}
Stlth   ++........              n - amulet of magic regeneration
HPRegen 0.15/turn               c - ring of see invisible
MPRegen 0.56/turn               (no ring)

@: no status effects
A: no striking features
a: no special abilities


You were on level 4 of the Dungeon.
You visited 1 branch of the dungeon, and saw 5 of its levels.
You also visited: Sewer.

You collected 247 gold pieces.
You spent 70 gold pieces at shops.

Inventory:

Hand Weapons
 s - a +1 spear of flaming (weapon)
Armour
 a - a +0 robe (worn)
 r - the +1 pair of boots of Hokk (worn) {rC+}
   (You found it on level 4 of the Dungeon)

   rC:        It protects you from cold.
Jewellery
 c - a ring of see invisible (left hand)
 n - an amulet of magic regeneration (around neck)
Scrolls
 h - a scroll of magic mapping
 k - 2 scrolls of enchant weapon
 m - 6 scrolls of teleportation
 p - 2 scrolls of identify
 q - 2 scrolls of vulnerability {unknown}
Potions
 b - 2 potions of magic
 d - 4 potions of curing
 e - 3 potions of heal wounds
 f - 3 potions of might
 i - 2 potions of brilliance {unknown}
 j - a potion of haste {unknown}
 l - a potion of degeneration {unknown}
 o - 2 potions of attraction {unknown}


   Skills:
 + Level 3.5 Fighting
 + Level 5.9 Dodging
 - Level 2.4 Stealth
 + Level 6.6 Spellcasting
 + Level 5.0 Conjurations
 + Level 2.2 Translocations
 + Level 6.0 Fire Magic


You had 5 spell levels left.
You knew the following spells:

 Your Spells              Type           Power      Damage    Failure   Level
a - Foxfire               Conj/Fire      100%       2x1d9     1%          1
b - Scorch                Fire           70%        2d9       1%          2
c - Conjure Flame         Conj/Fire      33%        6-21      2%          3
d - Inner Flame           Hex/Fire       21%        N/A       7%          3
e - Flame Wave            Conj/Fire      33%        2d8       9%          4
f - Blink                 Tloc           34%        N/A       4%          2

Your spell library contained the following spells:

 Spells                   Type           Power      Damage    Failure   Level
 Sublimation of Blood     Necr           7%         N/A       12%         2
 Wereblood                Tmut           7%         N/A       12%         2
 Cause Fear               Hex            3%         N/A       63%         4
 Summon Ice Beast         Ice/Summ       7%         N/A       63%         4
 Manifold Assault         Tloc           17%        N/A       65%         5
 Summon Mana Viper        Hex/Summ       7%         N/A       92%         5
 Monstrous Menagerie      Summ           3%         N/A       100%        7
 Storm Form               Tmut/Air       3%         N/A       100%        7
 Summon Hydra             Summ           3%         N/A       100%        7
 Discord                  Hex            3%         N/A       100%        8


Dungeon Overview and Level Annotations

Branches:
Dungeon (5/15)              Sewer (visited)
 Temple: D:4-7

Altars:

Shops:
D:2 ?


Message History

Confirm with . or Enter, or press ? or * to list all spells.
You can't see any susceptible monsters within range! (Use Z to cast anyway.)
You start resting.
Magic restored.
A gnoll is nearby!
Casting: Scorch (safe; 1% risk of failure)
Confirm with . or Enter, or press ? or * to list all spells.
The fire begins to smoulder!
The gnoll unwields a +0 halberd.
The gnoll wields a +2 hunting sling of freezing.
It is covered in frost.
The gnoll shoots a sling bullet.
The sling bullet hits you.
* * * LOW HITPOINT WARNING * * *
The fire ignites!
m - 6 scrolls of teleportation (gained 1)
Things that are here:
a +0 whip; a +0 robe; a gnoll corpse
Casting: Conjure Flame (dangerous; 2% risk of failure)
Confirm with . or Enter, or press ? or * to list all spells.
You conjure some foxfire!
The gnoll shoots a sling bullet.
The sling bullet hits you!
* * * LOW HITPOINT WARNING * * *
The sling bullet freezes you.
* * * LOW HITPOINT WARNING * * *
Casting: Foxfire (safe; 1% risk of failure)
Confirm with . or Enter, or press ? or * to list all spells.
You conjure some foxfire!
The foxfire hits the gnoll.
The gnoll is lightly wounded.
The foxfire hits the gnoll.
The gnoll is heavily wounded.
The foxfire hits the gnoll but does no damage.
The gnoll is heavily wounded.
Casting: Foxfire (safe; 1% risk of failure)
Confirm with . or Enter, or press ? or * to list all spells.
You conjure some foxfire!
The foxfire hits the gnoll but does no damage.
The gnoll is heavily wounded.
The foxfire hits the gnoll.
The gnoll is heavily wounded.
The gnoll shoots a sling bullet.
The sling bullet hits you.
You die...

#.# #.##.###.# # #.#
#.##.....# # #.#
#.######## # #.# #.# #
#.# #.## #.# #..## ####
#[# ##...## ##...
#.###.....###########...#
#.##....@§§g.)>?.........
#.###....§#######........
#.# ##........# #.##.....
#######.#
##.###.#.###.##.#.#.
#.......# #.#
#.#)...........
#.###########.#
#.#..##.##.#... #.#
#.....# #.#...........#
#.# #.#####
#.##.##).##..## #.# #.#
#.#......##.#.#


You could see a gnoll.

Vanquished Creatures
  Pikel (D:3)
  A water moccasin (D:4)
  A sky beast (D:5)
  An ice beast (D:5)
  An ogre (D:4)
  A lemure (D:4)
  A phantom (D:4)
  A gnoll sergeant (D:4)
  A scorpion (D:5)
  A gnoll shaman (D:4)
  2 jellies
  2 orc priests (D:3)
  An iguana (D:4)
  Robin (D:3)
  12 gnolls
  4 adders
  2 river rats (Sewer)
  An ufetubus (D:3)
  2 worms
  2 dart slugs
  4 orcs (D:3)
  13 ball pythons
  15 endoplasms
  3 giant cockroaches
  12 goblins
  4 hobgoblins
  3 jackals (D:1)
  7 quokkas
  8 bats
  5 kobolds
  6 rats
119 creatures vanquished.

Vanquished Creatures (others)
  412 foxfires
412 creatures vanquished.

Grand Total: 531 creatures vanquished

Notes
Turn   | Place    | Note
-------+----------+-------------------------------------------
     0 | D:1      | kae the Deep Elf Fire Elementalist began the quest for the
                  | Orb.
     0 | D:1      | Reached XP level 1. HP: 10/10 MP: 6/6
   754 | D:1      | Reached XP level 2. HP: 13/16 MP: 2/8
   861 | D:1      | Learned a level 2 spell: Scorch
  1441 | D:2      | Reached XP level 3. HP: 20/20 MP: 5/10
  1999 | D:2      | Found Qeproos's Magic Scroll Boutique.
  2008 | D:2      | Bought a scroll of identify for 28 gold pieces
  2008 | D:2      | Bought a scroll of teleportation for 42 gold pieces
  2430 | D:3      | Found a glowing drain.
  2434 | Sewer    | Entered a sewer
  2461 | Sewer    | Reached skill level 1 in Fighting
  2487 | Sewer    | Reached XP level 4. HP: 25/25 MP: 8/11
  2542 | Sewer    | Learned a level 3 spell: Conjure Flame
  2546 | Sewer    | Learned a level 3 spell: Inner Flame
  2795 | Sewer    | Found a viscous altar of Jiyva.
  2877 | Sewer    | Reached XP level 5. HP: 28/29 MP: 10/13
  3164 | D:3      | Noticed Robin
  3174 | D:3      | Killed Robin
  3775 | D:3      | Reached XP level 6. HP: 11/35 MP: 0/14
  4270 | D:3      | Found a faded altar of an unknown god.
  4397 | D:4      | Noticed Pikel
  4431 | D:3      | Killed Pikel
  4432 | D:3      | Reached skill level 5 in Spellcasting
  4432 | D:3      | Reached skill level 5 in Fire Magic
  4432 | D:3      | Reached XP level 7. HP: 14/40 MP: 11/17
  4650 | D:4      | Reached skill level 5 in Dodging
  5324 | D:4      | Identified the +1 pair of boots of Hokk {rC+}
  5580 | D:4      | Learned a level 4 spell: Flame Wave
  5649 | D:4      | Learned a level 2 spell: Blink
  5664 | D:5      | Entered Level 5 of the Dungeon
  5884 | D:5      | Reached skill level 1 in Translocations
  5884 | D:5      | Reached XP level 8. HP: 46/46 MP: 13/19
  5997 | D:5      | Identified the +8 spear of Beyond {freeze, Will++ SInv
                  | Stlth-}
  6881 | D:5      | Reached skill level 5 in Conjurations
  7405 | D:4      | HP: 2/46 [gnoll/sling bullet (8)]
  7410 | D:4      | Shot with a sling bullet by a gnoll

Illustrated notes

Levels and vault maps discovered:
D:1:      matt_arrival_debris, layout_loops_ring
D:2:      layout_loops_ring, serial_shops, shop_scrolls
D:3:      layout_loops_corners, chequers_ecumenical_altar_simple_redux,
          gup_sewer_entry_bowl, grunt_ministairs_14, uniq_robin
D:4:      layout_loops_ring, uniq_pikel
D:5:      minmay_spotlight, layout_loops_ring, nicolae_qazlal_style_of_elements,
          ebering_ghost_rock_garden

Skill      XL: |  1  2  3  4  5  6  7  8 |
---------------+-------------------------+-----
Dodging        | 3 4 5 |  5.9
Conjurations   | 2 3 4 5 |  5.0
Fighting       | 1 2 3 |  3.5
Spellcasting   | 4 5 6 |  6.6
Fire Magic     | 4 5 6 |  6.0
Translocations | 1 2 |  2.2
Stealth        | |  2.4

Action                   |  1- 3 |  4- 6 |  7- 9 || total
-------------------------+-------+-------+-------++-------
 Cast: Foxfire           |    83 |    96 |    62 ||   241
       Scorch            |     7 |    10 |    45 ||    62
       Conjure Flame     |       |     1 |     3 ||     4
  Use: Scroll            |     7 |       |     2 ||     9
       Potion            |       |       |     2 ||     2
Armor: Robe              |     4 |       |     8 ||    12
Dodge: Dodged            |    26 |    12 |    67 ||   105

Table legend: (Time is in decaauts)
 A = Elapsed time spent in this place.
 B = Non-inter-level travel time spent in this place.
 C = Inter-level travel time spent in this place.
 D = Time resting spent in this place.
 E = Time spent auto-exploring this place.
 F = Levels seen in this place.
 G = Mean time per level.
                   A        B        C        D        E       F      G
               +--------+--------+--------+--------+--------+-----+--------+
         Total |   7448 |   7291 |    157 |   1617 |   4654 |   6 | 1241.3 |
       Dungeon |   6922 |   6765 |    157 |   1610 |   4278 |   5 | 1384.4 |
         Sewer |    525 |    525 |      0 |      7 |    375 |   1 |  525.0 |
               +--------+--------+--------+--------+--------+-----+--------+

Top non-repeatable levels by time:
     D:4: 2459 daAuts
     D:3: 1739 daAuts
     D:1: 1421 daAuts
     D:2: 899 daAuts
   Sewer: 525 daAuts
     D:5: 401 daAuts
